[Event "ICCopen2016"]
[Site "Internet Chess Club"]
[Date "2016.06.04"]
[Round "1"]
[White "searchforbobby1"]
[Black "bullbuffalo"]
[Result "1-0"]
[ICCResult "Black resigns"]
[WhiteElo "2078"]
[BlackElo "1326"]
[Opening "Sicilian: Smith-Morra gambit"]
[ECO "B21"]
[NIC "SI.48"]
[Time "14:01:57"]
[TimeControl "180+0"]

1. e4 c5 2. d4 cxd4 3. c3 dxc3 4. Nxc3 e6 5. Bc4 a6 6. Nf3 b5 7. Bb3 Bb7 8.
Qe2 Nc6 9. O-O Qc7 10. Bg5 Be7 11. Rac1 Bxg5 12. Nxg5 h5 13. Nd5 exd5 14.
exd5+ Nce7 15. Rxc7 Bxd5 16. Bxd5 {Black resigns} 1-0

[Event "ICCopen2016"]
[Site "Internet Chess Club"]
[Date "2016.06.04"]
[Round "1"]
[White "awesome5123"]
[Black "oskarito"]
[Result "0-1"]
[ICCResult "White resigns"]
[WhiteElo "1644"]
[BlackElo "2472"]
[Opening "Sicilian"]
[ECO "B56"]
[NIC "SI.25"]
[Time "14:01:59"]
[TimeControl "180+0"]

1. e4 c5 2. Nf3 d6 3. d4 cxd4 4. Nxd4 Nf6 5. Nc3 Nc6 6. Be3 Ng4 7. h3 Nxe3
8. fxe3 g6 9. Qf3 Bg7 10. Nxc6 bxc6 11. Bc4 O-O 12. O-O e6 13. Rf2 Qa5 14.
Bb3 Bxc3 15. bxc3 Qxc3 16. Qg3 Qxa1+ 17. Kh2 Qe5 18. Qxe5 dxe5 {White
resigns} 0-1

[Event "ICCopen2016"]
[Site "Internet Chess Club"]
[Date "2016.06.04"]
[Round "1"]
[White "isurox"]
[Black "BitsofKoin"]
[Result "0-1"]
[ICCResult "White resigns"]
[WhiteElo "1601"]
[BlackElo "2341"]
[Opening "Scandinavian: Marshall variation"]
[ECO "B01"]
[NIC "SD.03"]
[Time "14:02:23"]
[TimeControl "180+0"]

1. e4 d5 2. exd5 Nf6 3. d4 Nxd5 4. c4 Nb6 5. Nf3 g6 6. c5 Nd5 7. h4 h5 8.
Nc3 Bg7 9. Bc4 c6 10. Qb3 O-O 11. Nxd5 cxd5 12. Bxd5 Nc6 13. Be3 Na5 14. Qc3
Qxd5 15. Qxa5 b6 16. cxb6 Qxa5+ 17. Bd2 Qxb6 18. Bc3 Ba6 19. O-O-O Rfc8 20.
Kb1 Be2 21. Rd2 Bxf3 22. gxf3 Rxc3 {White resigns} 0-1

[Event "ICCopen2016"]
[Site "Internet Chess Club"]
[Date "2016.06.04"]
[Round "1"]
[White "GreyWarden"]
[Black "SuperGMBobbyF"]
[Result "1-0"]
[ICCResult "Black resigns"]
[WhiteElo "1994"]
[BlackElo "1215"]
[Opening "Ruy Lopez: closed, 7...O-O"]
[ECO "C88"]
[NIC "RL.17"]
[Time "14:01:53"]
[TimeControl "180+0"]

1. e4 e5 2. Nf3 Nc6 3. Bb5 a6 4. Ba4 b5 5. Bb3 Nf6 6. O-O Be7 7. Re1 O-O 8.
h3 Bb7 9. d3 d6 10. c3 h6 11. Nbd2 Nd7 12. Nf1 Nc5 13. Bc2 Ne6 14. d4 exd4
15. cxd4 d5 16. exd5 Qxd5 17. Be4 Qd8 18. d5 Ng5 19. Bxg5 Bxg5 20. Nxg5 Ne5
21. Bh7+ Kh8 22. Rxe5 Re8 23. Nxf7+ Kxh7 24. Nxd8 Rxe5 25. Nxb7 Rxd5 26.
Qxd5 {Black resigns} 1-0

[Event "ICCopen2016"]
[Site "Internet Chess Club"]
[Date "2016.06.04"]
[Round "1"]
[White "mathman"]
[Black "klodshans"]
[Result "1-0"]
[ICCResult "Black resigns"]
[WhiteElo "2341"]
[BlackElo "1587"]
[Opening "French: Winawer, advance, 6...Ne7"]
[ECO "C18"]
[NIC "FR.11"]
[Time "14:02:10"]
[TimeControl "180+0"]

1. e4 e6 2. d4 d5 3. Nc3 Bb4 4. e5 c5 5. a3 Bxc3+ 6. bxc3 Ne7 7. h4 Nd7 8.
h5 h6 9. Nf3 Nc6 10. Rh3 Qa5 11. Bd2 cxd4 12. cxd4 Qa4 13. Rh4 f5 14. Qb1
O-O 15. Bb5 Qxb5 16. Qxb5 a6 17. Qd3 Rf7 18. g4 fxg4 19. Rxg4 Nf8 20. Bxh6
Nh7 21. Qg6 Nd8 22. Bxg7 {Black resigns} 1-0

[Event "ICCopen2016"]
[Site "Internet Chess Club"]
[Date "2016.06.04"]
[Round "1"]
[White "cstefan"]
[Black "hipopotamos"]
[Result "1-0"]
[ICCResult "Black checkmated"]
[WhiteElo "1964"]
[BlackElo "1069"]
[Opening "King's pawn game"]
[ECO "C50"]
[NIC "IG.03"]
[Time "14:02:50"]
[TimeControl "180+0"]

1. e4 e5 2. Nf3 Nc6 3. Bc4 h6 4. d4 exd4 5. O-O Nf6 6. e5 Ne4 7. Bd5 Ng5 8.
Nxd4 Nxd4 9. Qxd4 Be7 10. f4 Ne6 11. Qd1 O-O 12. f5 Nc5 13. f6 gxf6 14. Bxh6
Re8 15. Qg4+ Kh8 16. Qg7# {Black checkmated} 1-0

[Event "ICCopen2016"]
[Site "Internet Chess Club"]
[Date "2016.06.04"]
[Round "1"]
[White "fisek2007"]
[Black "manneredmonkey"]
[Result "1-0"]
[ICCResult "Black checkmated"]
[WhiteElo "2466"]
[BlackElo "1643"]
[Opening "Benkö gambit: Zaitsev system"]
[ECO "A57"]
[NIC "BI.44"]
[Time "14:02:30"]
[TimeControl "180+0"]

1. d4 Nf6 2. c4 c5 3. d5 b5 4. cxb5 a6 5. Nc3 e6 6. e4 axb5 7. Bxb5 Ba6 8.
Bxa6 Nxa6 9. Nf3 exd5 10. Nxd5 Nxd5 11. Qxd5 Nb4 12. Qc4 Be7 13. O-O O-O 14.
a3 Nc6 15. Bd2 d6 16. Bc3 Bf6 17. Rad1 Qe7 18. Rfe1 Bxc3 19. Qxc3 Ne5 20.
Nxe5 dxe5 21. Rd5 Rab8 22. Rxe5 Qf6 23. Rxc5 Qa6 24. b4 Rfe8 25. f3 Rbc8 26.
Rc1 Rcd8 27. b5 Qb6 28. a4 Rc8 29. a5 Rxc5 30. axb6 Rxc3 31. Rxc3 Rb8 32. b7
Rxb7 33. Rc8# {Black checkmated} 1-0

[Event "ICCopen2016"]
[Site "Internet Chess Club"]
[Date "2016.06.04"]
[Round "1"]
[White "bennywins"]
[Black "afgano45"]
[Result "0-1"]
[ICCResult "White resigns"]
[WhiteElo "1224"]
[BlackElo "1958"]
[Opening "Grünfeld: 5.Bf4"]
[ECO "D92"]
[NIC "GI.07"]
[Time "14:02:43"]
[TimeControl "180+0"]

1. d4 Nf6 2. c4 g6 3. Nc3 d5 4. Nf3 Bg7 5. Bf4 O-O 6. h3 c5 7. cxd5 Nxd5 8.
Nxd5 Qxd5 9. dxc5 Qxc5 10. Rb1 Nc6 11. e3 Qa5+ 12. Qd2 Qxa2 13. Bd3 Rd8 14.
Qc2 Nb4 15. Qc7 Nxd3+ 16. Ke2 Nxf4+ 17. exf4 Bf5 18. Qxb7 Bxb1 {White
resigns} 0-1

[Event "ICCopen2016"]
[Site "Internet Chess Club"]
[Date "2016.06.04"]
[Round "1"]
[White "milinanana"]
[Black "VerdeNotte"]
[Result "0-1"]
[ICCResult "White resigns"]
[WhiteElo "1831"]
[BlackElo "2817"]
[Opening "Benkö gambit accepted"]
[ECO "A58"]
[NIC "BI.45"]
[Time "14:02:06"]
[TimeControl "180+0"]

1. d4 Nf6 2. c4 c5 3. d5 b5 4. cxb5 a6 5. bxa6 g6 6. Nc3 Bg7 7. e4 O-O 8.
Nf3 Qa5 9. Bd2 Bxa6 10. Bxa6 Qxa6 11. Qe2 e6 12. Qxa6 Nxa6 13. O-O exd5 14.
exd5 Nb4 15. Be3 d6 16. Rfd1 Nc2 17. Rac1 Nxe3 18. fxe3 Bh6 19. Rd3 c4 20.
Rdd1 Bxe3+ 21. Kf1 Bxc1 22. Rxc1 Rfe8 23. Nd4 Ne4 24. Ncb5 Rxa2 {White
resigns} 0-1

[Event "ICCopen2016"]
[Site "Internet Chess Club"]
[Date "2016.06.04"]
[Round "1"]
[White "Bubacik"]
[Black "Ecuadorian"]
[Result "1-0"]
[ICCResult "Black resigns"]
[WhiteElo "2599"]
[BlackElo "1737"]
[Opening "QGD Slav: 3.Nf3"]
[ECO "D11"]
[NIC "QP.08"]
[Time "14:01:39"]
[TimeControl "180+0"]

1. d4 d5 2. Nf3 c6 3. c4 e6 4. Nc3 f5 5. Bf4 Nf6 6. e3 Bd6 7. Ne5 O-O 8. Bd3
Ne4 9. O-O Qe7 10. c5 Bxe5 11. Bxe5 Nd7 12. Bxe4 Nxe5 13. Bd3 Ng4 14. b4 Qh4
15. h3 Nh6 16. b5 Bd7 17. bxc6 Bxc6 18. Rb1 a6 19. f4 Kh8 20. Bc2 g5 21. Qe1
Qh5 22. Bd1 Rg8 23. Bxh5 {Black resigns} 1-0

[Event "ICCopen2016"]
[Site "Internet Chess Club"]
[Date "2016.06.04"]
[Round "1"]
[White "HouseOfFun"]
[Black "luckypawns"]
[Result "1-0"]
[ICCResult "Black checkmated"]
[WhiteElo "2377"]
[BlackElo "1598"]
[Opening "Queen's pawn"]
[ECO "A40"]
[NIC "QO.17"]
[Time "14:02:28"]
[TimeControl "180+0"]

1. d4 h5 2. Nf3 g6 3. Bg5 Nc6 4. c3 Bh6 5. Bxh6 Nxh6 6. e4 e6 7. Nbd2 O-O 8.
Bd3 Kg7 9. Qe2 f5 10. O-O-O b5 11. d5 exd5 12. exd5 Re8 13. Qf1 Ne5 14. Nxe5
Rxe5 15. Bxb5 Rxd5 16. Bc4 Ra5 17. Nf3 Qf6 18. Qd3 d6 19. Rhe1 Bb7 20. Re6
Qf8 21. Qd4+ Kh7 22. Ng5+ Kg8 23. Rxg6# {Black checkmated} 1-0

[Event "ICCopen2016"]
[Site "Internet Chess Club"]
[Date "2016.06.04"]
[Round "1"]
[White "Alright2015"]
[Black "cap78red"]
[Result "1-0"]
[ICCResult "Black checkmated"]
[WhiteElo "2101"]
[BlackElo "1358"]
[Opening "Réti: advance variation"]
[ECO "A09"]
[NIC "RE.16"]
[Time "14:02:18"]
[TimeControl "180+0"]

1. Nf3 d5 2. c4 d4 3. e3 c5 4. b4 b6 5. Bb2 d3 6. Qb3 cxb4 7. Bxd3 e6 8. Be4
Nc6 9. Bxc6+ Bd7 10. Bxa8 Qxa8 11. d3 Bc5 12. Nbd2 Bc6 13. Bxg7 Ne7 14. Bxh8
Kd7 15. Bd4 Qg8 16. Bxc5 bxc5 17. O-O Nf5 18. d4 Nh4 19. Nxh4 Bxg2 20. Nxg2
h5 21. dxc5 h4 22. Qxb4 h3 23. Qb7+ Ke8 24. Qc8+ Ke7 25. Qxg8 hxg2 26. Rfd1
a5 27. Ne4 f5 28. Qd8+ Kf7 29. Rd7+ Kg6 30. Qg5# {Black checkmated} 1-0

[Event "ICCopen2016"]
[Site "Internet Chess Club"]
[Date "2016.06.04"]
[Round "1"]
[White "Skeptic1972"]
[Black "cyborg86"]
[Result "1-0"]
[ICCResult "Black resigns"]
[WhiteElo "1290"]
[BlackElo "1992"]
[Opening "English opening"]
[ECO "A10"]
[NIC "EO.63"]
[Time "14:02:09"]
[TimeControl "180+0"]

1. c4 b6 2. Nc3 Bb7 3. e4 e6 4. g3 c5 5. Bg2 Nc6 6. Nge2 Nf6 7. O-O d6 8. d4
cxd4 9. Nxd4 Be7 10. e5 Nxd4 11. Bxb7 dxe5 12. Bxa8 Qxa8 13. f4 Bc5 14. Be3
O-O 15. fxe5 Rd8 16. exf6 Nb3 17. Qe2 Nxa1 18. Bxc5 bxc5 19. fxg7 Qb8 20.
Rxa1 {Black resigns} 1-0

[Event "ICCopen2016"]
[Site "Internet Chess Club"]
[Date "2016.06.04"]
[Round "1"]
[White "Bozhenka"]
[Black "Dare-Dare"]
[Result "1-0"]
[ICCResult "Black resigns"]
[WhiteElo "2973"]
[BlackElo "1892"]
[Opening "Dutch defense, Rubinstein variation"]
[ECO "A40"]
[NIC "QO.17"]
[Time "14:02:01"]
[TimeControl "180+0"]

1. d4 e6 2. c4 f5 3. Nc3 Nf6 4. e3 Bb4 5. Ne2 b6 6. a3 Bxc3+ 7. Nxc3 Bb7 8.
d5 e5 9. Bd3 e4 10. Bc2 d6 11. f3 Qe7 12. fxe4 fxe4 13. O-O O-O 14. Qd4 Re8
15. Rf4 c5 16. Qd1 Nbd7 17. Nxe4 Qe5 18. Rb1 Ba6 19. b3 Nxe4 20. Rxe4 Qg5
21. Rg4 Qh6 22. Rg3 Ne5 23. Rh3 Qg5 24. Bxh7+ Kf8 25. e4 Ke7 26. Bxg5+
{Black resigns}
1-0

[Event "ICCopen2016"]
[Site "Internet Chess Club"]
[Date "2016.06.04"]
[Round "1"]
[White "jergus"]
[Black "ChessGeek"]
[Result "1-0"]
[ICCResult "Black resigns"]
[WhiteElo "2545"]
[BlackElo "1700"]
[Opening "Scandinavian defense"]
[ECO "B01"]
[NIC "SD.03"]
[Time "14:01:56"]
[TimeControl "180+0"]

1. e4 d5 2. exd5 Nf6 3. Nc3 Nxd5 4. Nf3 Bg4 5. Be2 Nc6 6. O-O e6 7. d3 Be7
8. h3 Bh5 9. Re1 O-O 10. Bd2 Bf6 11. Nxd5 exd5 12. Rb1 Re8 13. Nh2 Bxe2 14.
Rxe2 Nd4 15. Rxe8+ Qxe8 16. c3 Nf5 17. Ng4 Bh4 18. Qf3 Qd7 19. Ne5 Qe6 20.
Re1 c6 21. Nxc6 Qxc6 22. Qxf5 Rd8 23. Be3 b6 24. Bd4 h6 25. Re3 Bg5 26. Rg3
Qd7 27. Qf3 Kh7 28. h4 Bc1 29. Rxg7+ {Black resigns} 1-0

[Event "ICCopen2016"]
[Site "Internet Chess Club"]
[Date "2016.06.04"]
[Round "1"]
[White "OparinGrigoriy"]
[Black "Sc6"]
[Result "1-0"]
[ICCResult "Black resigns"]
[WhiteElo "2818"]
[BlackElo "1808"]
[Opening "Sicilian: Najdorf, Adams attack"]
[ECO "B90"]
[NIC "SI.14"]
[Time "14:01:39"]
[TimeControl "180+0"]

1. e4 c5 2. Nf3 d6 3. d4 cxd4 4. Nxd4 Nf6 5. Nc3 a6 6. h3 e5 7. Nb3 Be6 8.
Be3 Qc7 9. g4 h6 10. Qd2 Nbd7 11. O-O-O Rc8 12. Kb1 b5 13. f4 exf4 14. Bxf4
Ne5 15. Nd4 Bc4 16. Nf5 g5 17. Bh2 Nf3 18. Nxd6+ Bxd6 19. Qxd6 Nxh2 20. Qxf6
O-O 21. Bxc4 bxc4 22. Nd5 {Black resigns} 1-0

[Event "ICCopen2016"]
[Site "Internet Chess Club"]
[Date "2016.06.04"]
[Round "1"]
[White "whiteshark"]
[Black "Oblique"]
[Result "1-0"]
[ICCResult "Black resigns"]
[WhiteElo "2566"]
[BlackElo "1724"]
[Opening "Scandinavian: Pytel-Wade variation"]
[ECO "B01"]
[NIC "SD.02"]
[Time "14:02:52"]
[TimeControl "180+0"]

1. e4 d5 2. exd5 Qxd5 3. Nc3 Qd6 4. Nf3 Nf6 5. Bc4 Bg4 6. O-O Nc6 7. h3 Bh5
8. Nb5 Qd7 9. d4 a6 10. Nc3 Nxd4 11. Qxd4 Qxd4 12. Nxd4 O-O-O 13. Be3 e5 14.
Nf5 Bg6 15. Ng3 h5 16. Rfd1 Bd6 17. Bd3 e4 18. Ngxe4 Nxe4 19. Bxe4 f5 20.
Bd3 Bh7 21. Ne2 Rhe8 22. Bg5 Rd7 23. Nf4 Bxf4 24. Bxf4 g5 25. Bxg5 Rg7 26.
f4 {Black resigns} 1-0

[Event "ICCopen2016"]
[Site "Internet Chess Club"]
[Date "2016.06.04"]
[Round "1"]
[White "burbur"]
[Black "JimboPi"]
[Result "1-0"]
[ICCResult "Black resigns"]
[WhiteElo "2517"]
[BlackElo "1654"]
[Opening "Queen's pawn game, Darooha variation "]
[ECO "D02"]
[NIC "QP.06"]
[Time "14:03:12"]
[TimeControl "180+0"]

1. d4 Nf6 2. Nf3 d5 3. c4 e6 4. g3 c6 5. Bg2 Be7 6. O-O O-O 7. b3 Nbd7 8.
Bb2 b6 9. Qc2 Bb7 10. Nc3 Rc8 11. Rfd1 c5 12. cxd5 Nxd5 13. Nxd5 exd5 14.
Rac1 Bf6 15. Qd2 c4 16. Ne5 Re8 17. bxc4 dxc4 18. Bxb7 Nxe5 19. dxe5 Qxd2
20. Rxd2 Rb8 21. exf6 {Black resigns} 1-0

[Event "ICCopen2016"]
[Site "Internet Chess Club"]
[Date "2016.06.04"]
[Round "1"]
[White "Federicov"]
[Black "ncc-1701"]
[Result "1-0"]
[ICCResult "Black resigns"]
[WhiteElo "3202"]
[BlackElo "1955"]
[Opening "Sicilian: dragon, Yugoslav attack, 7...O-O"]
[ECO "B76"]
[NIC "SI.17"]
[Time "14:03:18"]
[TimeControl "180+0"]

1. e4 c5 2. Nf3 d6 3. d4 cxd4 4. Nxd4 Nf6 5. Nc3 g6 6. Be3 Bg7 7. f3 O-O 8.
Bc4 Nc6 9. Bb3 Bd7 10. h4 Nxd4 11. Bxd4 Rc8 12. Qd2 Qa5 13. h5 g5 14. h6 Bh8
15. O-O-O Be6 16. e5 Nh5 17. Rxh5 Bxb3 18. Qxg5+ {Black resigns} 1-0

[Event "ICCopen2016"]
[Site "Internet Chess Club"]
[Date "2016.06.04"]
[Round "1"]
[White "K4"]
[Black "gajardo"]
[Result "0-1"]
[ICCResult "White resigns"]
[WhiteElo "1507"]
[BlackElo "2145"]
[Opening "Beefeater defense"]
[ECO "A40"]
[NIC "QO.17"]
[Time "14:03:12"]
[TimeControl "180+0"]

1. d4 g6 2. c4 Bg7 3. Nc3 c5 4. d5 Bxc3+ 5. bxc3 f5 6. Nf3 d6 7. e3 Qa5 8.
Bd2 Nf6 9. Bd3 Nbd7 10. O-O Nb6 11. Qb3 Qa4 12. Rfb1 Ne4 13. Bxe4 fxe4 14.
Ne1 Qxc4 15. Nc2 Qxd5 16. c4 Qxd2 {White resigns} 0-1

[Event "ICCopen2016"]
[Site "Internet Chess Club"]
[Date "2016.06.04"]
[Round "1"]
[White "Sibelephant"]
[Black "ShadowLike"]
[Result "1-0"]
[ICCResult "Black resigns"]
[WhiteElo "3138"]
[BlackElo "1941"]
[Opening "Ruy Lopez: Schliemann defense"]
[ECO "C63"]
[NIC "RL.06"]
[Time "14:03:24"]
[TimeControl "180+0"]

1. e4 e5 2. Nf3 Nc6 3. Bb5 f5 4. d3 fxe4 5. dxe4 Nf6 6. Be3 d6 7. Nc3 Be7 8.
Bc4 Na5 9. Qd3 c6 10. O-O-O b5 11. Bb3 Nxb3+ 12. axb3 O-O 13. Bg5 a5 14.
Bxf6 Rxf6 15. Nxe5 Qb6 16. Nd5 c5 17. Nxb6 {Black resigns} 1-0

[Event "ICCopen2016"]
[Site "Internet Chess Club"]
[Date "2016.06.04"]
[Round "1"]
[White "TallTower"]
[Black "Igrok"]
[Result "0-1"]
[ICCResult "White resigns"]
[WhiteElo "1925"]
[BlackElo "3062"]
[Opening "Réti opening"]
[ECO "A04"]
[NIC "QP.11"]
[Time "14:02:20"]
[TimeControl "180+0"]

1. Nf3 c6 2. d4 d5 3. Bf4 Nf6 4. e3 g6 5. c4 Bg7 6. Nc3 O-O 7. Bd3 dxc4 8.
Bxc4 b5 9. Bd3 Bb7 10. O-O a6 11. b4 Nbd7 12. Rc1 a5 13. a3 Nb6 14. Qb3 Bc8
15. Ne4 Be6 16. Qb1 Nxe4 17. Bxe4 Bc4 18. Bxc6 Bxf1 19. Bxa8 Bxg2 20. Bc6
Bxf3 21. Bxf3 Nc4 22. Qd3 axb4 23. axb4 e5 24. Bg3 f5 25. Qb3 f4 26. Be2
fxg3 27. Bxc4+ bxc4 28. Qxc4+ Kh8 29. hxg3 exd4 30. exd4 Qxd4 {White
resigns} 0-1

[Event "ICCopen2016"]
[Site "Internet Chess Club"]
[Date "2016.06.04"]
[Round "1"]
[White "Indiana-Jones"]
[Black "Giantvin"]
[Result "1-0"]
[ICCResult "Black resigns"]
[WhiteElo "2824"]
[BlackElo "1815"]
[Opening "QGD: Tarrasch defense"]
[ECO "D32"]
[NIC "TD.11"]
[Time "14:03:01"]
[TimeControl "180+0"]

1. Nf3 d5 2. c4 e6 3. d4 c5 4. cxd5 exd5 5. Nc3 Nc6 6. Bg5 Be7 7. Bxe7 Ngxe7
8. dxc5 O-O 9. e3 Bg4 10. Be2 Qa5 11. O-O Qxc5 12. Rc1 Qb4 13. Qd2 Rfd8 14.
a3 Qa5 15. Nd4 Bxe2 16. Ndxe2 d4 17. exd4 Nxd4 18. Nxd4 Nf5 19. Nb3 Rxd2 20.
Nxa5 Rxb2 21. Rfd1 h6 22. Rb1 Rxb1 23. Rxb1 b6 24. Nb3 Rd8 25. Rd1
{Black resigns}
1-0

[Event "ICCopen2016"]
[Site "Internet Chess Club"]
[Date "2016.06.04"]
[Round "1"]
[White "king235"]
[Black "santiagoelawad"]
[Result "0-1"]
[ICCResult "White checkmated"]
[WhiteElo "1045"]
[BlackElo "1962"]
[Opening "Caro-Kann: two knights, 3...Bg4"]
[ECO "B10"]
[NIC "CK.01"]
[Time "14:01:54"]
[TimeControl "180+0"]

1. e4 c6 2. Nf3 d5 3. Nc3 Bg4 4. h3 Bxf3 5. Qxf3 e6 6. exd5 cxd5 7. Bb5+ Nc6
8. Bxc6+ bxc6 9. Qd3 Nf6 10. Qa6 Qb6 11. Qxb6 axb6 12. O-O Bd6 13. Re1 O-O
14. a4 Rfe8 15. Ra3 Bxa3 16. bxa3 h6 17. d3 d4 18. Ne2 Rxa4 19. c3 dxc3 20.
Nxc3 Raa8 21. a4 Nd5 22. Ne4 Rxa4 23. Nd6 Rea8 24. Ne4 Ra1 25. Nd6 R8a2 26.
Nc4 Rc2 27. Nxb6 Rcxc1 28. Rxc1 Rxc1+ 29. Kh2 Nxb6 30. f3 Rd1 31. g3 Rxd3
32. h4 Rd2+ 33. Kh3 Nd5 34. Kg4 c5 35. Kh3 c4 36. Kg4 c3 37. Kh3 c2 38. Kg4
c1=Q 39. Kh3 Rd4 40. f4 Nxf4+ 41. gxf4 Qxf4 42. Kg2 Rd2+ 43. Kg1 Qf2+ 44.
Kh1 Qh2# {White checkmated} 0-1

[Event "ICCopen2016"]
[Site "Internet Chess Club"]
[Date "2016.06.04"]
[Round "1"]
[White "ajedrezlento"]
[Black "x22"]
[Result "0-1"]
[ICCResult "White resigns"]
[WhiteElo "1633"]
[BlackElo "2381"]
[Opening "Ware (Meadow Hay) opening"]
[ECO "A00"]
[Time "14:02:11"]
[TimeControl "180+0"]

1. a4 c5 2. g3 Nc6 3. Bg2 h5 4. h4 Nf6 5. d3 g6 6. Nd2 Bg7 7. Ngf3 O-O 8. e4
d5 9. O-O dxe4 10. dxe4 Bg4 11. c3 Qc8 12. Qc2 Rd8 13. Nc4 b6 14. Nfe5 Nxe5
15. Nxe5 Be6 16. Nf3 Bh3 17. Ng5 Bxg2 18. Kxg2 Qc6 19. f3 e6 20. Be3 Nd7 21.
Rfd1 Ne5 22. Rxd8+ Rxd8 23. Rd1 Rxd1 24. Qxd1 Bf6 25. Nh3 Nc4 26. Bc1 Be7
27. Nf4 Bd6 28. Ne2 f5 29. exf5 exf5 30. Qd3 Qxa4 31. Qd5+ Kg7 32. Bf4 Bxf4
33. Qb7+ Kh6 34. Nxf4 Qc2+ 35. Kh3 Qd1 36. Kh2 Qc2+ 37. Kh3 Qc1 38. Kh2
Qxb2+ 39. Kh3 Qc1 40. g4 hxg4+ 41. fxg4 fxg4+ 42. Kxg4 Ne3+ 43. Kg3 Qg1+ 44.
Ng2 Qxg2+ 45. Qxg2 Nxg2 46. Kxg2 a5 {White resigns} 0-1

[Event "ICCopen2016"]
[Site "Internet Chess Club"]
[Date "2016.06.04"]
[Round "1"]
[White "LordofSwords"]
[Black "Kjaan1974"]
[Result "1-0"]
[ICCResult "Black resigns"]
[WhiteElo "2118"]
[BlackElo "1397"]
[Opening "Philidor's defense"]
[ECO "C41"]
[NIC "KP.10"]
[Time "14:02:54"]
[TimeControl "180+0"]

1. e4 e5 2. Nf3 d6 3. Bc4 h6 4. O-O Nf6 5. Re1 Be7 6. d4 exd4 7. Nxd4 O-O 8.
Nc3 c5 9. Nf3 Nc6 10. h3 Be6 11. Nd5 Bxd5 12. exd5 Na5 13. Bf1 Nd7 14. Bd2
f5 15. Bxa5 Qxa5 16. Rxe7 Nf6 17. Bd3 Nxd5 18. Bc4 Kh7 19. Qxd5 Rae8 20.
Rxe8 Rxe8 21. Qxf5+ Kh8 22. Bd3 {Black resigns} 1-0

[Event "ICCopen2016"]
[Site "Internet Chess Club"]
[Date "2016.06.04"]
[Round "1"]
[White "attalone"]
[Black "Chapo2"]
[Result "0-1"]
[ICCResult "White resigns"]
[WhiteElo "1194"]
[BlackElo "1978"]
[Opening "Dutch defense, Rubinstein variation"]
[ECO "A40"]
[NIC "QO.17"]
[Time "14:02:23"]
[TimeControl "180+0"]

1. d4 e6 2. c4 f5 3. Nc3 Nf6 4. Nf3 d5 5. cxd5 exd5 6. e3 c6 7. Be2 Bd6 8.
O-O O-O 9. Bd2 Qe7 10. Rc1 Ne4 11. h3 a6 12. a3 Nd7 13. b4 Ndf6 14. Na4 Be6
15. Nc5 Rae8 16. Nxe6 Qxe6 17. a4 Bb8 18. b5 axb5 19. axb5 Qd6 20. Ne5 Rxe5
21. dxe5 Qxe5 22. f4 Qe7 23. bxc6 bxc6 24. Rxc6 Ba7 25. Bf3 Nxd2 26. Qxd2
Bxe3+ 27. Rf2 Bxd2 28. Rxd2 Qe1+ 29. Kh2 Qxd2 30. Rd6 Qxf4+ 31. Kg1 Qxd6 32.
Bxd5+ Qxd5 {White resigns} 0-1

[Event "ICCopen2016"]
[Site "Internet Chess Club"]
[Date "2016.06.04"]
[Round "1"]
[White "victor22224444"]
[Black "toguho"]
[Result "1-0"]
[ICCResult "Black resigns"]
[WhiteElo "2344"]
[BlackElo "1591"]
[Opening "Latvian counter-gambit"]
[ECO "C40"]
[NIC "KP.09"]
[Time "14:02:30"]
[TimeControl "180+0"]

1. e4 e5 2. Nf3 f5 3. d3 Nc6 4. Nc3 Nf6 5. Bg5 d6 6. Nd5 Be7 7. Nxe7 Qxe7 8.
Nh4 f4 9. Be2 O-O 10. c3 h6 11. Ng6 Qf7 12. Bxf6 Qxf6 13. Nxf8 Qxf8 14. Bg4
Qf6 15. Bxc8 Rxc8 16. Qg4 Rf8 17. O-O-O a5 18. f3 b5 19. Qd7 Ne7 20. Qxc7 b4
21. c4 a4 22. Qa5 a3 23. bxa3 Nc6 24. Qd5+ Qf7 25. Qxc6 bxa3 26. Qd5
{Black resigns}
1-0

[Event "ICCopen2016"]
[Site "Internet Chess Club"]
[Date "2016.06.04"]
[Round "1"]
[White "Lucas"]
[Black "dwibs"]
[Result "1-0"]
[ICCResult "Black resigns"]
[WhiteElo "2326"]
[BlackElo "1580"]
[Opening "Sicilian: Smith-Morra gambit"]
[ECO "B21"]
[NIC "SI.48"]
[Time "14:02:45"]
[TimeControl "180+0"]

1. e4 c5 2. d4 cxd4 3. c3 dxc3 4. Nxc3 Nc6 5. Bc4 e6 6. Nf3 a6 7. O-O b5 8.
Bb3 Nge7 9. Re1 Bb7 10. Bf4 Ng6 11. Bg5 Be7 12. Bxe7 Qxe7 13. Nd5 exd5 14.
exd5 Nce5 15. Nxe5 Nxe5 16. f4 d6 17. fxe5 dxe5 18. d6 Qg5 19. d7+ Kd8 20.
Bd5 Rb8 21. Rc1 h5 22. Bxb7 Rxb7 23. Rc8+ Ke7 24. d8=Q+ Rxd8 25. Qxd8+ Ke6
26. Qxg5 {Black resigns} 1-0

[Event "ICCopen2016"]
[Site "Internet Chess Club"]
[Date "2016.06.04"]
[Round "1"]
[White "Mandragora"]
[Black "AttackSparrow"]
[Result "0-1"]
[ICCResult "White resigns"]
[WhiteElo "1585"]
[BlackElo "2333"]
[Opening "Benkö gambit accepted"]
[ECO "A58"]
[NIC "BI.45"]
[Time "14:01:46"]
[TimeControl "180+0"]

1. d4 Nf6 2. c4 c5 3. d5 b5 4. cxb5 a6 5. bxa6 g6 6. e3 Bg7 7. f3 O-O 8. Nc3
d6 9. a3 Nxa6 10. Bxa6 Bxa6 11. Kf2 Qb6 12. Nge2 Bc4 13. e4 Bb3 14. Qd2 Nd7
15. g3 Ne5 16. Kg2 Nc4 17. Qd3 Na5 18. Qb5 Qa7 19. Be3 Bc4 20. Qa4 Rfb8 21.
Rab1 Bb3 {White resigns} 0-1

[Event "ICCopen2016"]
[Site "Internet Chess Club"]
[Date "2016.06.04"]
[Round "1"]
[White "marianzaim"]
[Black "kofigan"]
[Result "1-0"]
[ICCResult "Black resigns"]
[WhiteElo "1976"]
[BlackElo "1180"]
[Opening "English, 1...Nf6 (Anglo-Indian defense)"]
[ECO "A15"]
[NIC "EO.64"]
[Time "14:03:08"]
[TimeControl "180+0"]

1. c4 Nf6 2. g3 e6 3. Bg2 Be7 4. Nf3 O-O 5. O-O c6 6. b3 d5 7. Bb2 Nbd7 8.
d4 c5 9. cxd5 exd5 10. Nc3 b6 11. dxc5 Nxc5 12. Qd4 Bb7 13. Rfd1 Nce4 14. e3
Nxc3 15. Bxc3 Bc5 16. Qd3 Ne4 17. Bb2 a5 18. Ne5 f6 19. Bxe4 dxe4 20. Qc4+
{Black resigns}
1-0

[Event "ICCopen2016"]
[Site "Internet Chess Club"]
[Date "2016.06.04"]
[Round "1"]
[White "psychopat2016"]
[Black "Dodgy"]
[Result "0-1"]
[ICCResult "White forfeits on time"]
[WhiteElo "1338"]
[BlackElo "2078"]
[Opening "King's gambit"]
[ECO "C30"]
[NIC "KG.05"]
[Time "14:01:41"]
[TimeControl "180+0"]

1. e4 e5 2. f4 g5 3. fxe5 d6 4. exd6 Bxd6 5. Nf3 g4 6. e5 Bc5 7. d4 Bb6 8.
Ng5 h6 9. Nxf7 Kxf7 10. Bc4+ Kg7 11. O-O Qxd4+ 12. Kh1 Qxd1 13. Rxd1 Nc6 14.
Nc3 Nxe5 15. Bb3 Nf6 16. Bf4 Ng6 17. Bg3 h5 18. h3 gxh3 19. gxh3 Bxh3 20.
Rd3 Bf5 21. Rd2 h4 22. Bh2 Ne4 23. Nxe4 Bxe4+ 24. Rg2 h3 25. Be5+ Kh6 26.
Bxh8 hxg2+ 27. Kh2 Rxh8 {White forfeits on time} 0-1